 Dungeon Crawl Stone Soup version 0.29.1 (webtiles) character file.

Game seed: 9653562382826899176

81 Sabo the Gusty (level 4, -1/24 HPs)
             Began as a Gargoyle Air Elementalist on Sept 12, 2022.
             Was a Follower of Nemelex Xobeh.
             Slain by an orc
             ... wielding a +1 flail of protection
              (4 damage)
             ... on level 2 of the Dungeon.
             The game lasted 00:16:39 (3230 turns).

Sabo the Gusty (Gargoyle Air Elementalist)          Turns: 3230, Time: 00:16:42

Health: -1/24      AC:  5    Str: 11    XL:     4   Next: 40%
Magic:  8/8        EV: 12    Int: 18    God:    Nemelex Xobeh [*.....]
Gold:   135        SH:  0    Dex: 10    Spells: 7/8 levels left

rFire   . . .      SeeInvis .   d - +1 long sword (elec)
rCold   . . .      Faith    .   (no shield)
rNeg    + + .      Spirit   .   a - +0 robe
rPois   ∞          Reflect  .   (no helmet)
rElec   +          Harm     .   (no cloak)
rCorr   .          Rampage  .   (no gloves)
Will    .....                   (no boots)
Stlth   +.........              (no amulet)
HPRegen 0.08/turn               j - ring of positive energy
MPRegen 0.11/turn               (no ring)

@: confused
A: sickness immunity, AC +3, negative energy resistance 1, electricity
resistance, torment resistance 1, petrification resistance
a: Renounce Religion, Draw Escape, Draw Destruction, Draw Summoning


You were on level 2 of the Dungeon.
You worshipped Nemelex Xobeh.
Nemelex Xobeh was aware of your devotion.
You visited 1 branch of the dungeon, and saw 3 of its levels.

You collected 135 gold pieces.

Inventory:

Hand Weapons
 d - a +1 long sword of electrocution (weapon)
 f - a +2 dagger of holy wrath
 l - a +4 dagger
Missiles
 m - 6 javelins (quivered)
 p - 6 boomerangs
Armour
 a - a +0 robe (worn)
Jewellery
 j - a ring of positive energy (left hand)
Scrolls
 g - a scroll of teleportation
 i - a scroll of amnesia
 n - a scroll of butterflies
 o - a scroll of summoning {unknown}
Potions
 b - a potion of magic
 c - a potion of ambrosia {unknown}
 h - 2 potions of lignification {unknown}
 k - 4 potions of curing {unknown}
 q - a potion of cancellation {unknown}


   Skills:
 + Level 0.4 Fighting
 + Level 0.8 Long Blades
 + Level 1.9 Dodging
 + Level 2.6 Stealth
 + Level 2.9 Spellcasting
 + Level 1.7 Conjurations
 + Level 2.9 Air Magic


You had 7 spell levels left.
You knew the following spells:

 Your Spells              Type           Power      Damage    Failure   Level
a - Shock                 Conj/Air       40%        1d5       6%          1

Your spell library contained the following spells:

 Spells                   Type           Power      Damage    Failure   Level
 Static Discharge         Conj/Air       10%        3-5/arc   10%         2
 Swiftness                Air            13%        N/A       16%         3
 Beastly Appendage        Tmut           4%         N/A       17%         1
 Wereblood                Tmut           2%         N/A       26%         2
 Airstrike                Air            6%         2d(1-17)  45%         4
 Summon Hydra             Summ           1%         N/A       100%        7
 Sublimation of Blood     Necr           Unusable   N/A       N/A         2

Dungeon Overview and Level Annotations

Branches:
Dungeon (3/15)

Altars:
Nemelex Xobeh


Innate Abilities, Weirdness & Mutations

You are immune to sickness and miasma.
Your stone body is resilient. (AC +3)
You are immune to poison.
You resist negative energy. (rN+)
You are resistant to electric shocks. (rElec)
You are resistant to unholy torment.
You are immune to petrification.


Message History

It is a scroll of identify.
i - a scroll of amnesia
As you read the scroll of identify, it crumbles to dust.
n - a scroll of butterflies
As you read the scroll labelled MYLUAM XEATASCH, it crumbles to dust.
You feel strangely unstable.
It was a scroll of teleportation.
Your surroundings suddenly seem different.
Things that are here:
a +0 dagger; a stone; a kobold skeleton
There is a stone staircase leading down here.
You climb downwards.
The orc shouts!
The orc wizard shouts!
The orc shouts!
Found 7 gold pieces.
There is a stone staircase leading up here.
The orc wizard hits you but does no damage.
The orc hits you but does no damage.
You climb upwards.
There is a stone staircase leading down here.
You barely miss the orc.
The orc wizard mumbles some strange words.
The orc wizard flickers and vanishes!
Deactivating autopickup; reactivate with Ctrl-A.
The worm completely misses you.
The orc hits you with a +1 flail of protection.
You closely miss the orc. Something hits you. The orc closely misses you.
The worm bites you!
You hear some strange, mumbled words.
You are confused.
You closely miss the orc.
The orc hits you with a +1 flail of protection.
Something hits you.
* * * LOW HITPOINT WARNING * * *
The worm barely misses you. The orc closely misses you.
You barely miss the worm. Something hits you.
* * * LOW HITPOINT WARNING * * *
You hear some strange, mumbled words.
Something tries to affect you, but you resist.
The orc hits you with a +1 flail of protection.
You die...
Your body disappears without a glow.

...(.............##
.................#######
.........#.............#########
.........#........####.....#...##
....#..............# ##.........#
....#...#..........###...........
.................................
.(..###..........w.###...........
#...####........@..##...........#
.#.....#........o{.............##
.#...#..##.....................#
.....##........................#
..#..#####..<..................#
..#..# #...#.#.###..........##
#.#..# #.........##...##...##
#.#..# ##.........###########
#.#..####..........#


You could see a worm and an orc.

Vanquished Creatures
  4 adders (D:2)
  A dart slug (D:1)
  4 bats
  5 endoplasms
  2 giant cockroaches
  3 goblins (D:1)
  6 hobgoblins
  4 kobolds
  2 quokkas
  3 ball pythons
  A frilled lizard (D:2)
  5 rats
40 creatures vanquished.

Vanquished Creatures (others)
  4 fungi (D:2)
  A plant (D:2)
5 creatures vanquished.

Grand Total: 45 creatures vanquished

Notes
Turn   | Place    | Note
-------+----------+-------------------------------------------
     0 | D:1      | Sabo the Gargoyle Air Elementalist began the quest for the
                  | Orb.
     0 | D:1      | Reached XP level 1. HP: 10/10 MP: 3/3
   667 | D:1      | Reached XP level 2. HP: 15/15 MP: 3/5
   789 | D:1      | Upgraded the game from 0.29.0-15-g675c0067aa to 0.29.1
  1863 | D:1      | Reached XP level 3. HP: 13/19 MP: 6/6
  2512 | D:2      | Reached XP level 4. HP: 24/24 MP: 1/8
  2728 | D:2      | Found a faded altar of an unknown god.
  2774 | D:2      | Got Plato's Secrets of Transformation
  2777 | D:2      | Prayed at the altar of an unknown god.
  2777 | D:2      | Became a worshipper of Nemelex Xobeh the Trickster
  2777 | D:2      | Reached * piety under Nemelex Xobeh
  2777 | D:2      | Received a gift from Nemelex Xobeh
  3230 | D:2      | Slain by an orc

Illustrated notes

Levels and vault maps discovered:
D:1:      elethiomel_arrival_infinity_welcomes_careful_drivers, layout_basic
D:2:      layout_rooms, shapermc_ecumenical_altar_rom_forum
D:3:      layout_loops_cross, nicolae_wu_jian_wuxing_cycle, minmay_pentangle

Action                   |  1- 3 |  4- 6 || total
-------------------------+-------+-------++-------
Melee: Long sword        |    20 |     7 ||    27
 Cast: Shock             |    55 |    21 ||    76
  Use: Scroll            |       |     3 ||     3
Armor: Robe              |    10 |     3 ||    13
Dodge: Dodged            |    13 |     5 ||    18
